 Dungeon Crawl Stone Soup version 0.20.1-1-g8b1a95d (webtiles) character file.

4870 happy2pester the Basher (level 10, -1/90 HPs)
             Began as a Hill Orc Fighter on Dec 28, 2017.
             Was a Believer of Beogh.
             Succumbed to a gnoll sergeant's poison
             ... on level 9 of the Dungeon.
             The game lasted 00:19:05 (7122 turns).

happy2pester the Basher (Hill Orc Fighter)          Turns: 7122, Time: 00:19:05

Health: -1/90      AC: 15    Str: 22    XL:     10   Next: 50%
Magic:  15/15      EV: 10    Int:  9    God:    Beogh [**....]
Gold:   324        SH: 10    Dex: 10    Spells: 15/15 levels left

rFire    . . .     SeeInvis .   d - +1 morningstar
rCold    . . .     Gourm    .   c - +0 shield
rNeg     . . .     Faith    .   b - +1 scale mail
rPois    .         Spirit   .   w - +1 helmet
rElec    .         Reflect  .   (no cloak)
rCorr    .         Harm     .   (no gloves)
MR       .....                  x - +0 pair of boots
Stlth    +.........             (no amulet)
Regen    0.3/turn               n - +3 ring of protection
MPRegen  0.2/turn               (no ring)

@: lethally poisoned (-1 -> -18)
A: no striking features
a: Smiting, Renounce Religion


You were on level 9 of the Dungeon.
You worshipped Beogh.
Beogh was pleased with you.
You were not hungry.

You visited 2 branches of the dungeon, and saw 10 of its levels.

You collected 423 gold pieces.
You spent 99 gold pieces at shops.

Inventory:

Hand Weapons
 a - a +0 flail
 d - a +1 morningstar (weapon)
 p - a +0 hunting sling
Missiles
 o - 7 tomahawks (quivered)
 q - 6 javelins
 s - 9 javelins of returning
Armour
 b - a +1 scale mail (worn)
 c - a +0 shield (worn)
 w - a +1 helmet (worn)
 x - a +0 pair of boots (worn)
Jewellery
 i - an uncursed ring of ice
 k - an uncursed amulet of magic regeneration
 n - a +3 ring of protection (left hand)
Wands
 r - a wand of scattershot (5/9)
 u - a wand of flame (17/48)
 y - a wand of digging (10/24)
Scrolls
 e - 4 scrolls of teleportation
 h - 2 scrolls of remove curse
 m - a scroll of fear
 t - a scroll of recharging
 z - a scroll of blinking {unknown}
 B - a scroll of identify
Potions
 A - a potion of flight
Comestibles
 f - 6 bread rations
 g - a royal jelly
 j - 5 meat rations
 l - 9 fruits
 v - 4 chunks of flesh


   Skills:
 + Level 8.5 Fighting
 + Level 9.3 Maces & Flails
 + Level 5.1 Throwing
 + Level 6.5 Armour
 + Level 4.8 Dodging
 + Level 4.4 Stealth
 + Level 6.9 Shields
 + Level 3.4 Spellcasting


You had 15 spell levels left.
You didn't know any spells.

Dungeon Overview and Level Annotations

Branches:
Dungeon (9/15)             Temple (1/1) D:7             Orc (0/2) D:9
   Lair: D:8-11

Altars:
Ashenzari
Cheibriados
Dithmenos
Fedhas
Gozag
Hepliaklqana
Kikubaaqudgha
Makhleb
Okawaru
Qazlal
Ru
Sif Muna
Trog
Uskayaw
Vehumet
Xom
Yredelemnul
Zin
The Shining One

Shops:
D:6 !

Annotations:
D:8 happy2pester's ghost, novice HOFi


Message History

* * * LOW HITPOINT WARNING * * *
You are more poisoned.
You puncture the gnoll sergeant!
You kill the gnoll sergeant!
Beogh accepts your kill.
* * * LOW HITPOINT WARNING * * *
You feel sick. You block the big kobold's attack.
You hit the big kobold but do no damage.
* * * LOW HITPOINT WARNING * * *
You feel very sick.
The big kobold hits you but does no damage.
Okay, then.
Unknown command.
* * * LOW HITPOINT WARNING * * *
You feel sick.
* * * LOW HITPOINT WARNING * * *
You feel sick.
* * * LOW HITPOINT WARNING * * *
You feel sick.
You die...

##.# #........##
#....###)## #..##
##..####### ##.....##.##
....## #...# #......##.##
###..####..## ##........##
# ##..##....#### ##......##
##..#.......## ##.....#
##..........##########....#
##.........##.KKg.....#..#
##.#......@..###)######.#
#(##......### .K8 ##..##
#.##......# goo##....##
##.##.....# o..#.####.# .
##....# ...## ##. #. ##...#
..8# ## ##..# #### # ##.#
###


You could see 2 big kobolds and a gnoll.

Vanquished Creatures
  A two-headed ogre (D:9)
  Pikel (D:6)
  Grinder (D:6)
  3 hippogriffs (D:9)
  Sigmund (D:5)
  The ghost of Hylith the Covered, an amateur MiFi (D:4)
  A wyvern (D:9)
  A hungry ghost (D:9)
  A sky beast (D:5)
  An orc warrior (D:9)
  3 slaves (D:6)
  A black bear (D:7)
  A necrophage (D:7)
  An ice beast (D:7)
  A phantom (D:6)
  4 ogres
  2 centaurs
  A big kobold (D:9)
  3 bullfrogs
  2 gnoll sergeants (D:9)
  3 killer bees (D:9)
  5 wights (D:7)
  A crimson imp (D:5)
  A quasit (D:5)
  A jelly (D:9)
  2 hounds (D:9)
  Terence (D:2)
  An iguana (D:5)
  An orc wizard (D:5)
  3 worker ants
  Natasha (thrice) (D:2)
  A killer bee zombie (D:7)
  A hound skeleton (D:7)
  A worker ant zombie (D:5)
  5 adders
  2 gnolls (D:9)
  A shadow imp (D:6)
  2 worms
  3 dart slugs
  5 leopard geckos
  15 orcs
  5 ball pythons
  4 giant cockroaches
  5 goblins
  12 hobgoblins
  8 jackals
  8 kobolds
  4 quokkas
  7 bats
  6 frilled lizards
  A giant cockroach zombie (D:6)
  A jackal skeleton (D:7)
  5 rats
155 creatures vanquished.

Vanquished Creatures (others)
  A slave (D:6)
  A centaur (D:6)
2 creatures vanquished.

Grand Total: 157 creatures vanquished

Notes
Turn   | Place    | Note
-------+----------+-------------------------------------------
     0 | D:1      | happy2pester the Hill Orc Fighter began the quest for the Orb.
     0 | D:1      | Reached XP level 1. HP: 19/19 MP: 1/1
    73 | D:1      | Reached XP level 2. HP: 21/26 MP: 2/2
   498 | D:1      | Reached XP level 3. HP: 22/33 MP: 3/3
   634 | D:2      | Noticed Terence
   646 | D:2      | Killed Terence
   646 | D:2      | Reached skill level 3 in Maces & Flails
   646 | D:2      | Reached XP level 4. HP: 26/40 MP: 4/4
   650 | D:2      | Gained mutation: Your muscles are strong. (Str +2) [potion of mutation]
   650 | D:2      | Gained mutation: You are somewhat resistant to further mutation. [potion of mutation]
   771 | D:2      | Reached skill level 1 in Dodging
   944 | D:2      | Found a hazy altar of Hepliaklqana.
  1002 | D:2      | Noticed Natasha
  1011 | D:2      | Killed Natasha
  1084 | D:2      | Noticed Natasha
  1100 | D:2      | Killed Natasha
  1100 | D:2      | Reached XP level 5. HP: 17/46 MP: 5/5
  1179 | D:2      | Noticed Natasha
  1190 | D:2      | Killed Natasha
  1527 | D:3      | Reached skill level 6 in Maces & Flails
  1527 | D:3      | Reached XP level 6. HP: 60/60 MP: 5/11
  2211 | D:3      | You fall through a shaft for 3 floors!
  2213 | D:6      | Found Buir's Distillery.
  2253 | D:6      | Became a worshipper of Beogh the Brigand
  2284 | D:6      | Bought a potion of might for 44 gold pieces
  2284 | D:6      | Bought a potion of heal wounds for 55 gold pieces
  2291 | D:6      | Noticed Grinder
  2301 | D:6      | Paralysed by Grinder for 7 turns
  2312 | D:6      | Paralysed by Grinder for 6 turns
  2318 | D:6      | Killed Grinder
  2318 | D:6      | Reached XP level 7. HP: 4/66 MP: 12/12
  2670 | D:6      | Noticed Pikel
  2706 | D:6      | Killed Pikel
  2706 | D:6      | Reached skill level 7 in Maces & Flails
  2706 | D:6      | Reached skill level 5 in Shields
  2706 | D:6      | Reached XP level 8. HP: 44/73 MP: 13/13
  2718 | D:5      | Entered Level 5 of the Dungeon
  2942 | D:5      | Noticed Sigmund
  2960 | D:5      | Killed Sigmund
  3060 | D:5      | Reached skill level 5 in Armour
  3453 | D:4      | Found an opulent altar of Gozag.
  3716 | D:4      | Noticed Hylith's ghost (amateur MiFi)
  3742 | D:4      | Killed Hylith's ghost
  4234 | D:6      | Reached XP level 9. HP: 80/80 MP: 14/14
  4783 | D:6      | Found a stormy altar of Qazlal.
  4883 | D:7      | Found a glowing silver altar of Zin.
  4892 | D:7      | Reached * piety under Beogh
  5594 | D:7      | Found a staircase to the Ecumenical Temple.
  5650 | D:7      | Reached skill level 8 in Maces & Flails
  5747 | D:7      | Found a shimmering altar of Xom.
  5747 | D:7      | Found a shimmering altar of Xom.
  5749 | D:7      | Found a shimmering altar of Xom.
  5749 | D:7      | Found a shimmering altar of Xom.
  5750 | D:7      | Found a shimmering altar of Xom.
  5751 | D:7      | Found a shimmering altar of Xom.
  5751 | D:7      | Found a shimmering altar of Xom.
  5751 | D:7      | Found a shimmering altar of Xom.
  5874 | Temple   | Entered the Ecumenical Temple
  6089 | D:8      | Noticed happy2pester's ghost (novice HOFi)
  6316 | D:9      | Reached XP level 10. HP: 66/87 MP: 15/15
  6318 | D:9      | Reached skill level 5 in Throwing
  6371 | D:9      | HP: 4/88 [orc warrior/mace of crushing (3)]
  6682 | D:9      | Noticed a two-headed ogre
  6696 | D:9      | Killed a two-headed ogre
  6696 | D:9      | Reached skill level 9 in Maces & Flails
  6767 | D:9      | Lost mutation: Your muscles are strong. (Str +2) [potion of mutation]
  6767 | D:9      | Lost mutation: You are somewhat resistant to further mutation. [potion of mutation]
  6767 | D:9      | Gained mutation: You are weak. (Str -2) [potion of mutation]
  6767 | D:9      | Gained mutation: You tend to lose your temper in combat. [potion of mutation]
  6767 | D:9      | Lost mutation: You tend to lose your temper in combat. [potion of mutation]
  6767 | D:9      | Lost mutation: You are weak. (Str -2) [potion of mutation]
  6974 | D:9      | Reached ** piety under Beogh
  7074 | D:9      | Found a staircase to the Orcish Mines.
  7120 | D:9      | HP: 3/90 [poisoned by a gnoll sergeant]
  7121 | D:9      | HP: 1/90 [poisoned by a gnoll sergeant]
  7122 | D:9      | Succumbed to a gnoll sergeant's poison

Skill      XL: |  1  2  3  4  5  6  7  8  9 10 |
---------------+-------------------------------+-----
Maces & Flails | 3 6 7 8 9 |  9.3
Dodging        | 1 4 |  4.8
Fighting       | 4 7 8 |  8.5
Shields        | 4 5 6 |  6.9
Throwing       | 4 5 |  5.1
Stealth        | 4 |  4.4
Spellcasting   | 3 |  3.4
Armour         | 4 5 6 |  6.5

Action                   |  1- 3 |  4- 6 |  7- 9 | 10-12 || total
-------------------------+-------+-------+-------+-------++-------
Melee: Flail             |    91 |   215 |   313 |       ||   619
       Morningstar       |       |       |    44 |   107 ||   151
Throw: Tomahawk          |       |    10 |    60 |    13 ||    83
       Javelin           |       |       |     2 |       ||     2
Invok: Convert to Beogh  |       |     1 |       |       ||     1
  Use: Scroll            |     5 |     2 |     8 |     1 ||    16
       Potion            |       |     3 |     9 |     2 ||    14
 Stab: Sleeping          |       |     2 |       |       ||     2
  Eat: Chunk             |       |     5 |     4 |     1 ||    10
       Meat ration       |       |       |     2 |       ||     2
       Fruit             |       |       |     1 |       ||     1
Armor: Scale mail        |    48 |    85 |   142 |    51 ||   326
Dodge: Dodged            |    30 |    74 |   107 |    34 ||   245
Block: Shield            |    55 |   112 |   201 |    75 ||   443
